 Dungeon Crawl Stone Soup version 0.31-a0-145-g046c7d2549 (webtiles) character file.

Game seed: 7588641710520681010

310 Esekla the Covert (level 6, 43/43 HPs)
             Began as an Octopode Delver on June 6, 2023.
             Was an Initiate of Gozag.
             Quit the game on level 4 of the Dungeon.
             The game lasted 00:10:46 (1831 turns).

Esekla the Covert (Octopode Delver)                 Turns: 1831, Time: 00:10:47

Health: 43/43      AC:  1    Str: 11    XL:     6   Next: 41%
Magic:  8/8        EV: 13    Int: 14    God:    Gozag
Gold:   131        SH:  0    Dex: 14    Spells: 8/8 levels left

rFire   . . .        a - +0 scimitar (holy)
rCold   . . .        (no shield)
rNeg    . . .        (helmet restricted)
rPois   .            (no amulet)
rElec   .            (no ring)
rCorr   .            (no ring)
SInv    .            (no ring)
Will    .....        (no ring)
Stlth   +++++        (no ring)
HPRegen 0.27/turn    (no ring)
MPRegen 0.11/turn    (no ring)
                     (no ring)

%: no passive effects
@: no status effects
A: almost no armour, amphibious, 8 rings, camouflage 1, gelatinous body 1,
(nimble swimmer 1), tentacles
a: Renounce Religion, Potion Petition, Call Merchant, Bribe Branch


You were on level 4 of the Dungeon.
You worshipped Gozag.
Gozag was aware of your devotion.
You visited 2 branches of the dungeon, and saw 6 of its levels.

You collected 362 gold pieces.
You spent 224 gold pieces at shops.
You paid 7 gold pieces to Gozag.

Inventory:

Hand Weapons
 a - a +0 scimitar of holy wrath (weapon)
 o - a +1 rapier of protection
 s - a +0 dagger
Missiles
 l - 4 javelins (quivered)
Wands
 f - a wand of digging (3)
Scrolls
 b - 4 scrolls of fog
 c - a scroll of identify {unknown}
 d - a scroll of amnesia {unknown}
 k - a scroll of noise {unknown}
 m - a scroll of poison {unknown}
 n - a scroll of teleportation {unknown}
 p - a scroll of blinking {unknown}
 q - a scroll of torment {unknown}
Potions
 e - a potion of haste
 g - 2 potions of heal wounds {unknown}
 h - a potion of degeneration {unknown}
 i - a potion of curing {unknown}
 j - a potion of brilliance {unknown}


   Skills:
 * Level 4.0 Fighting
 * Level 3.0 Long Blades
 * Level 2.7 Dodging
 + Level 8.9 Stealth
 * Level 1.6 Spellcasting


You had 8 spell levels left.
You didn't know any spells.
Your spell library contained the following spells:

 Spells                   Type           Power      Damage    Failure   Level
 Call Imp                 Summ           2%         N/A       36%         2
 Summon Ice Beast         Ice/Summ       1%         N/A       94%         4
 Dragon Form              Tmut           0%         N/A       100%        7


Dungeon Overview and Level Annotations

Branches:
Dungeon (5/15)             Temple (1/1) D:5

Altars:
Cheibriados
Dithmenos
Elyvilon
Gozag
Makhleb
Okawaru
Trog
Uskayaw
Wu Jian
Xom
Yredelemnul
Zin
The Shining One

Shops:
D:4 (


Innate Abilities, Weirdness & Mutations

You cannot wear most types of armour.
You are amphibious.
You can wear up to eight rings at the same time.
Your skin changes colour to match your surroundings (Stealth+).
Your rubbery body absorbs attacks. (AC +1, EV +1)
((You are camouflaged when in or above water. (Stealth+)))
You have tentacles for arms and can constrict up to eight enemies at once.


Message History

The gnoll is moderately wounded.
You constrict the gnoll bouda. You constrict the gnoll. x2
The gnoll closely misses you. x2
The gnoll bouda is distracted by your dazzling golden aura.
The gnoll bouda shouts!
You slash the gnoll bouda!
You kill the gnoll bouda!
You constrict the gnoll. x2; The gnoll hits you with a +0 club.
The gnoll closely misses you.
You slash the gnoll!
You kill the gnoll!
You constrict the gnoll.
The gnoll is distracted by your dazzling golden aura.
The gnoll shouts!
You hit the gnoll.
You kill the gnoll!
You now have 122 gold pieces (gained 13).
Things that are here:
a +0 halberd; a +0 spear You now have 125 gold pieces (gained 3).
Things that are here:
a +0 whip; a +0 robe You now have 131 gold pieces (gained 6).
You see here a +0 club.
Things that are here:
a +0 halberd; a +0 spear You start resting.
HP restored.
Things that are here:
a +0 whip; a +0 robe
Found a glowing scarf.
Found a glowing short sword.
You see here a scarf of repulsion.
Found a scroll of fog.
b - 4 scrolls of fog (gained 1)
Found a scroll labelled MATSAM KEETIX.
q - a scroll labelled MATSAM KEETIX You see here a +0 dagger.
You see here a +3 short sword.
Are you sure you want to abandon this character and quit the game? (Confirm with "yes".)

#####.##..#....#.#####...
####.[#.##...........
#...#.#...#..>.....
####.##.....#.##.....
##............# #.....
##............# #.....
#.............###......
####..##.................
##.##..##@................
##..##.##.....##....#......
#......##..##..####.#......
##...##.........###.....##.
#.....................# #.
##.....##...#..#...#
##.#..##....#..#...#
#......#....#...# ..
#...........##.## .


There were no monsters in sight!

Vanquished Creatures
  A scorpion (D:5)
  3 hounds (D:5)
  A gnoll bouda (D:4)
  3 gnolls (D:4)
  5 adders
  2 river rats (D:4)
  2 worms (D:2)
  2 orcs
  3 endoplasms
  2 giant cockroaches
  2 goblins
  2 hobgoblins (D:2)
  3 kobolds (D:2)
  A quokka (D:4)
  2 ball pythons (D:2)
  3 bats (D:2)
  A frilled lizard (D:1)
  8 rats
46 creatures vanquished.

Notes
Turn   | Place    | Note
-------+----------+-------------------------------------------
     0 | D:5      | Esekla the Octopode Delver began the quest for the Orb.
     0 | D:5      | Reached XP level 1. HP: 16/16 MP: 1/1
    52 | D:5      | Found a staircase to the Ecumenical Temple.
    53 | D:5      | Noticed a hound
    62 | D:5      | Killed a hound
    63 | D:5      | Reached skill level 7 in Stealth
    63 | D:5      | Reached XP level 2. HP: 18/21 MP: 2/2
    63 | D:5      | Reached XP level 3. HP: 22/26 MP: 3/3
    78 | D:5      | Reached skill level 1 in Spellcasting
    78 | D:5      | Reached XP level 4. HP: 29/31 MP: 3/5
    87 | Temple   | Entered the Ecumenical Temple
   523 | D:5      | Noticed a wyvern
   580 | D:5      | Noticed a water moccasin
   581 | D:5      | Noticed a scorpion
   597 | D:5      | Killed a scorpion
   598 | D:5      | Reached skill level 8 in Stealth
   598 | D:5      | Reached XP level 5. HP: 33/37 MP: 5/7
   638 | Temple   | Became a worshipper of Gozag Ym Sagoz the Greedy
   767 | D:4      | Identified the +1 ring mail of Oloaqom {Fly}
   789 | D:4      | Found Nyuh's Antique Weapon Shop.
  1123 | D:2      | Found a faded altar of an unknown god.
  1123 | D:2      | Noticed a floating eye
  1126 | D:2      | Noticed a golden eye
  1132 | D:2      | Noticed a floating eye
  1132 | D:2      | Noticed a shining eye
  1229 | D:1      | Got the Secrets of Shapeshifting and the Commander
  1298 | D:1      | Reached XP level 6. HP: 37/43 MP: 8/8
  1515 | D:4      | Bought a runed scimitar for 224 gold pieces
  1831 | D:4      | Quit the game

Illustrated notes

Levels and vault maps discovered:
D:1:      minmay_arrival_split_and_join, layout_basic
D:2:      layout_loops_cross, hellmonk_ecumenical_altar_watching_god
D:3:      layout_loops_corners, uniq_robin
D:4:      layout_cave_pools, gup_sewer_entry_spiral, serial_shops,
          nicolae_shop_scrapyard
D:5:      layout_basic, minmay_temple_entry_sparse_star
Temple:   nicolae_temple_bog_church

Skill      XL: |  1  2  3  4  5  6 |
---------------+-------------------+-----
Stealth        | 7 8 |  8.9
Spellcasting   | 1 |  1.6
Fighting       | 4 |  4.0
Long Blades    | 3 |  3.0
Dodging        | |  2.7

Action                     |  1- 3 |  4- 6 || total
---------------------------+-------+-------++-------
  Melee: Falchion          |     7 |    53 ||    60
         Constrict         |     2 |    17 ||    19
         Punch             |     1 |     1 ||     2
         Tentacles         |     2 |    16 ||    18
         Dagger            |       |    11 ||    11
         Scimitar          |       |     7 ||     7
    Use: Scroll            |     1 |     1 ||     2
   Stab: Sleeping          |     2 |    17 ||    19
 Armour: Skin              |       |     1 ||     1
  Dodge: Dodged            |     7 |    28 ||    35

Table legend: (Time is in decaauts)
 A = Elapsed time spent in this place.
 B = Non-inter-level travel time spent in this place.
 C = Inter-level travel time spent in this place.
 D = Time resting spent in this place.
 E = Time spent auto-exploring this place.
 F = Levels seen in this place.
 G = Mean time per level.
                   A        B        C        D        E       F      G
               +--------+--------+--------+--------+--------+-----+--------+
         Total |   1839 |   1739 |    100 |    248 |    241 |   6 |  306.5 |
       Dungeon |   1710 |   1674 |     36 |    248 |    186 |   5 |  342.0 |
        Temple |    128 |     64 |     64 |      0 |     55 |   1 |  128.0 |
               +--------+--------+--------+--------+--------+-----+--------+

Top non-repeatable levels by time:
     D:5: 613 daAuts
     D:2: 484 daAuts
     D:4: 441 daAuts
     D:1: 155 daAuts
  Temple: 128 daAuts
     D:3: 16 daAuts
